 Dungeon Crawl Stone Soup version 0.29-a0-565-g7a16c6de65 (webtiles) character file.

Game seed: 4183494603793337981

21 Bruhh the Ruffian (level 2, 0/27 HPs)
             Began as a Troll Gladiator on June 12, 2022.
             Slain by a gnoll
             ... wielding a +0 spear
              (5 damage)
             ... on level 2 of the Dungeon.
             The game lasted 00:00:48 (681 turns).

Bruhh the Ruffian (Troll Gladiator)                  Turns: 681, Time: 00:00:48

Health: 0/27       AC:  4    Str: 21    XL:     2   Next: 62%
Magic:  1/1        EV: 10    Int:  4    God:
Gold:   58         SH:  0    Dex: 11    Spells: 1/1 levels left

rFire   . . .      SeeInvis .     - Unarmed
rCold   . . .      Faith    .   (no shield)
rNeg    . . .      Spirit   .   a - +0 robe
rPois   .          Reflect  .   b - +0 hat
rElec   .          Harm     .   (no cloak)
rCorr   .          Rampage  .   (gloves unavailable)
Will    .....                   (boots unavailable)
Stlth   +.........              (no amulet)
HPRegen 0.89/turn               (no ring)
MPRegen 0.07/turn               (no ring)

@: about to teleport
A: large, unfitting armour, claws 3, regeneration 1, shaggy fur 1, tough skin 1
a: no special abilities


You were on level 2 of the Dungeon.
You visited 1 branch of the dungeon, and saw 2 of its levels.

You collected 58 gold pieces.

Inventory:

Missiles
 c - 3 throwing nets (quivered)
 d - a large rock
Armour
 a - a +0 robe (worn)
 b - a +0 hat (worn)
Scrolls
 f - a scroll of immolation
 h - a scroll of fog {unknown}
 i - a scroll of summoning {unknown}


   Skills:
 - Level 1.5 Fighting
 - Level 1.7 Throwing
 - Level 2.4 Dodging
 + Level 4.0 Unarmed Combat


You had one spell level left.
You didn't know any spells.
Your spell library contained the following spells:

 Spells                   Type           Power      Damage    Failure   Level
 Conjure Flame            Conj/Fire      0%         6-21      86%         3
 Ignite Poison            Fire/Tmut/Pois 0%         N/A       86%         3
 Sticky Flame             Conj/Fire      0%         2d3       99%         4


Dungeon Overview and Level Annotations

Branches:
Dungeon (2/15)

Altars:

Annotations:
D:2 Terence


Innate Abilities, Weirdness & Mutations

You are too large for most types of armour.
You have claws for hands.
Your natural rate of healing is unusually fast.
You are covered in fur. (AC +1)
You have tough skin. (AC +1)


Message History

You can't go down here!
A rat is nearby!
A rat is nearby!
A rat is nearby!
You claw the rat!
You kill the rat!
No target in view!
No target in view!
You pick up an Everburning Encyclopedia and begin reading...
You add the spells Conjure Flame, Ignite Poison and Sticky Flame to your library.
Found an escape hatch in the ceiling.
i - a scroll labelled ISYECU FUOC Terence and a gnoll come into view.
Found a fine hunting sling.
Terence shouts!
You hear a shout! x2; You hear an angry hiss.
You hear a shout!
A gnoll comes into view. It is wielding a +0 spear.
A gnoll comes into view. It is wielding a +0 spear.
A rat comes into view.
A dart slug and a ball python come into view.
You barely miss Terence.
The gnoll hits you from afar with a +0 spear.
Terence hits you with a +0 flail! Terence attacks as you move away!
Terence barely misses you. Terence attacks as you move away!
Terence hits you with a +0 flail!
Okay, then.
You aren't carrying any potions.
You aren't carrying any potions.
Terence attacks as you move away! Terence hits you with a +0 flail!
* * * LOW HITPOINT WARNING * * *
The air fills with toxic fumes!
As you read the scroll labelled UGENEYSOTY, it crumbles to dust.
It was a scroll of poison.
Terence completely misses you. The dart slug launches a dart at you.
The slug dart misses you.
You aren't carrying any potions.
As you read the scroll labelled PAUTELIANI, it crumbles to dust.
You feel strangely unstable.
It was a scroll of teleportation.
The gnoll is engulfed in poison gas.
The gnoll is poisoned.
The gnoll hits you from afar with a +0 spear.
You die...

# .. #. .. ###.#####
.# ....§§§# §# .
#...§§§##§#
#.######§.##§§§§§###
....<§§§§§##§§§§...#
.....§§§§§§§§§####.#
...w.§§§§.§§@## #
.....w§§#§g@##
#....rg.###S#
..#####gS..g#
#..##§# #..##§#
#..##§# #..#§§.
...#...


You could see Terence, 2 gnolls, a dart slug and a ball python.

Vanquished Creatures
  A worm (D:1)
  A dart slug (D:1)
  An endoplasm (D:1)
  2 giant cockroaches (D:1)
  2 goblins (D:1)
  A hobgoblin (D:1)
  A kobold (D:1)
  A quokka (D:1)
  2 ball pythons (D:1)
  2 rats
14 creatures vanquished.

Notes
Turn   | Place    | Note
-------+----------+-------------------------------------------
     0 | D:1      | Bruhh the Troll Gladiator began the quest for the Orb.
     0 | D:1      | Reached XP level 1. HP: 19/19 MP: 0/0
   159 | D:1      | Found a faded altar of an unknown god.
   284 | D:1      | Reached XP level 2. HP: 27/27 MP: 1/1
   359 | D:1      | Reached skill level 4 in Unarmed Combat
   670 | D:2      | Noticed Terence
   681 | D:2      | Slain by a gnoll

Illustrated notes

Levels and vault maps discovered:
D:1:      psy_arrival_basics, layout_basic, hellmonk_ecumenical_altar_blasted,
          serial_curves, eino_curves_03, eino_curves_02, nicolae_wormholes
D:2:      layout_loops_ring, uniq_sigmund, uniq_natasha, uniq_terence

Skill      XL: |  1  2 |
---------------+-------+-----
Unarmed Combat | 4 |  4.0
Fighting       | |  1.5
Throwing       | |  1.7
Dodging        | |  2.4

Action                   || total
-------------------------++-------
Melee: Unarmed           ||    34
  Use: Scroll            ||     2
Armor: Robe              ||     9
Dodge: Dodged            ||    15

Table legend: (Time is in decaauts)
 A = Elapsed time spent in this place.
 B = Non-inter-level travel time spent in this place.
 C = Inter-level travel time spent in this place.
 D = Time resting spent in this place.
 E = Time spent auto-exploring this place.
 F = Levels seen in this place.
 G = Mean time per level.
                   A        B        C        D        E       F      G
               +--------+--------+--------+--------+--------+-----+--------+
         Total |    677 |    638 |     39 |      0 |    544 |   2 |  338.5 |
       Dungeon |    677 |    638 |     39 |      0 |    544 |   2 |  338.5 |
               +--------+--------+--------+--------+--------+-----+--------+

Top non-repeatable levels by time:
     D:1: 656 daAuts
     D:2: 21 daAuts
